 Dungeon Crawl Stone Soup version 0.29-a0-509-g793eeb5391 (webtiles) character file.

Game seed: 1086414136988732222

93 Colgate the Sneak (level 4, -1/28 HPs)
             Began as a Kobold Brigand on May 29, 2022.
             Slain by a hobgoblin (3 damage)
             ... on level 2 of the Dungeon.
             The game lasted 00:03:39 (1481 turns).

Colgate the Sneak (Kobold Brigand)                  Turns: 1481, Time: 00:03:40

Health: -1/28      AC:  3    Str:  8    XL:     4   Next: 91%
Magic:  4/4        EV: 16    Int: 14    God:
Gold:   58         SH:  0    Dex: 16    Spells: 3/3 levels left

rFire   . . .      SeeInvis .   a - +4 dagger
rCold   . . .      Faith    .   (no shield)
rNeg    . . .      Spirit   .   b - +0 robe
rPois   .          Reflect  .   (no helmet)
rElec   .          Harm     .   c - +0 cloak
rCorr   .          Rampage  .   (no gloves)
Will    .....                   (no boots)
Stlth   ++++......              (no amulet)
HPRegen 0.09/turn               (no ring)
MPRegen 0.09/turn               (no ring)

@: no status effects
A: small, no large weapons, nightstalker 3
a: no special abilities


You were on level 2 of the Dungeon.
You visited 1 branch of the dungeon, and saw 2 of its levels.

You collected 58 gold pieces.

Inventory:

Hand Weapons
 a - a +4 dagger (weapon)
 o - a +0 short sword
Missiles
 d - 9 poisoned darts (quivered)
 e - 3 curare-tipped darts
Armour
 b - a +0 robe (worn)
 c - a +0 cloak (worn)
 k - a +1 helmet
Scrolls
 h - a scroll of enchant armour {unknown}
 j - a scroll of teleportation {unknown}
 l - a scroll of brand weapon {unknown}
 m - a scroll of immolation {unknown}
 p - a scroll of identify {unknown}
Potions
 f - a potion of invisibility {unknown}
 g - a potion of mutation {unknown}
 i - a potion of might {unknown}
 n - a potion of lignification {unknown}
 q - a potion of heal wounds {unknown}


   Skills:
 - Level 3.0 Fighting
 - Level 4.0 Short Blades
 - Level 2.1 Throwing
 + Level 3.8 Dodging
 - Level 5.3 Stealth


You had 3 spell levels left.
You didn't know any spells.
Your spell library contained the following spells:

 Spells                   Type           Power      Damage    Failure   Level
 Shock                    Conj/Air       0%         1d3       28%         1
 Swiftness                Air            0%         N/A       65%         3
 Airstrike                Air            0%         N/A       96%         4
 Fireball                 Conj/Fire      0%         3d3       100%        5
 Starburst                Conj/Fire      0%         6d3       100%        6
 Ignition                 Fire           0%         3d3       100%        8


Dungeon Overview and Level Annotations

Branches:
Dungeon (2/15)

Altars:

Annotations:
D:2 Jessica


Innate Abilities, Weirdness & Mutations

You are small and have problems with some larger weapons.
You are completely attuned to the shadows.


Message History

The giant cockroach attacks as you move away!
The giant cockroach completely misses you.
Jessica the Apprentice Sorceress comes into view.
She is wielding a +0 club and carrying a wand of digging (1).
The giant cockroach barely misses you.
An adder comes into view.
The giant cockroach barely misses you.
The giant cockroach attacks as you move away!
The giant cockroach closely misses you. The giant cockroach barely misses you.
The giant cockroach attacks as you move away!
The giant cockroach barely misses you.
You barely miss the giant cockroach. The giant cockroach closely misses you.
You hit the giant cockroach. The giant cockroach bites you.
You hit the giant cockroach.
You kill the giant cockroach!
A hobgoblin comes into view.
You barely miss the worm. You barely miss the worm.
The worm closely misses you.
You hit the worm. You hit the worm. You hit the worm. The worm bites you.
You hit the worm.
The hobgoblin shouts!
You hit the worm but do no damage.
You hear an angry hiss.
You hear a shout!
The worm bites you!
You barely miss the worm. You hit the worm but do no damage.
The worm barely misses you.
You barely miss the worm. You hit the worm but do no damage.
The worm bites you!
* * * LOW HITPOINT WARNING * * *
The hobgoblin barely misses you.
You hit the worm. You puncture the worm!
You kill the worm!
The hobgoblin misses you. The hobgoblin barely misses you.
You hit the hobgoblin. The hobgoblin barely misses you.
You hit the hobgoblin. The hobgoblin hits you.
You die...

...=............#.##.[.##..#
.............####.###..###.#
..8......8..## #.# #.......
#..........## #.# ##......
#...8..8...# #.# ##.....
#@.........## #.# #.....
........#†.# #.# ###....
.S.....##.#####.####......
.....@.@................
......g...........##....
.....##.................
.....##............#....
..<...............###...
##..##>..........)# #...
..................###...
...####.................
..#####.............#...


You could see Jessica and a hobgoblin.

Vanquished Creatures
  Natasha (D:2)
  An adder (D:2)
  A worm (D:2)
  4 dart slugs
  3 endoplasms
  A giant cockroach (D:2)
  7 goblins
  6 hobgoblins
  5 kobolds (D:1)
  2 quokkas (D:1)
  3 ball pythons (D:1)
  4 bats (D:1)
  2 frilled lizards (D:1)
  5 rats
45 creatures vanquished.

Notes
Turn   | Place    | Note
-------+----------+-------------------------------------------
     0 | D:1      | Colgate the Kobold Brigand began the quest for the Orb.
     0 | D:1      | Reached XP level 1. HP: 12/12 MP: 1/1
    86 | D:1      | Reached XP level 2. HP: 14/17 MP: 2/2
   351 | D:1      | Reached XP level 3. HP: 22/22 MP: 3/3
  1061 | D:2      | Reached XP level 4. HP: 28/28 MP: 4/4
  1315 | D:2      | Noticed Natasha
  1320 | D:2      | Killed Natasha
  1450 | D:2      | Noticed Jessica
  1481 | D:2      | Slain by a hobgoblin

Illustrated notes

Levels and vault maps discovered:
D:1:      nzn_arrival_crosshair, layout_basic, minmay_tromino_v7
D:2:      layout_rooms, ebering_ecumenical_altar_rust, minmay_misc_feat_plants,
          uniq_natasha, uniq_jessica, uniq_robin

Skill      XL: |  1  2  3  4 |
---------------+-------------+-----
Short Blades   | 3 4 |  4.0
Fighting       | 3 |  3.0
Dodging        | 2 3 |  3.8
Throwing       | |  2.1
Stealth        | |  5.3

Action                   |  1- 3 |  4- 6 || total
-------------------------+-------+-------++-------
Melee: Dagger            |    52 |    39 ||    91
 Stab: Sleeping          |    23 |     2 ||    25
Armor: Robe              |     2 |       ||     2
Dodge: Dodged            |    15 |    25 ||    40

Table legend: (Time is in decaauts)
 A = Elapsed time spent in this place.
 B = Non-inter-level travel time spent in this place.
 C = Inter-level travel time spent in this place.
 D = Time resting spent in this place.
 E = Time spent auto-exploring this place.
 F = Levels seen in this place.
 G = Mean time per level.
                   A        B        C        D        E       F      G
               +--------+--------+--------+--------+--------+-----+--------+
         Total |   1462 |   1279 |    183 |     16 |    898 |   2 |  731.0 |
       Dungeon |   1462 |   1279 |    183 |     16 |    898 |   2 |  731.0 |
               +--------+--------+--------+--------+--------+-----+--------+

Top non-repeatable levels by time:
     D:1: 1049 daAuts
     D:2: 413 daAuts
